Match 45433350
Unlisted

Match 45433350
End
Panzergrenadier Squad
Kradschützen Motorcycle Team
Panzergrenadier Squad
Construct Light Support Kompanie
MG34 Team
Fire Support Elements
Selects Italian Infantry
Selects Defensive Operations
Assault Mechanized Group
Selects Guastatori Squad
Guastatori Squad
Construct Mechanized Kompanie
Selects Registered Artillery
8 Rad Armored Car
Selects Prepared Positions
Vehicle Survival Package
2.5-tonne Medical Truck
HunTeR
Brother
Mattejoni
Evert Taube
0
0

Comments sign in to comment!

No comments posted yet!